 Dungeon Crawl Stone Soup version 0.30-a0-371-gad7725a93e (webtiles) character file.

Game seed: 9959911025161840116

476 leviel the Chopper (level 7, -4/61 HPs)
             Began as a Hill Orc Fighter on Nov 21, 2022.
             Was a Follower of the Shining One.
             Slain by an ice beast (13 damage)
             ... on level 5 of the Dungeon.
             The game lasted 00:04:56 (2947 turns).

leviel the Chopper (Hill Orc Fighter)               Turns: 2947, Time: 00:04:56

Health: -4/61      AC:  7    Str: 27    XL:     7   Next: 10%
Magic:  7/7        EV:  9    Int:  8    God:    the Shining One [*.....]
Gold:   1525       SH:  0    Dex: 14    Spells: 6/6 levels left

rFire   . . .      SeeInvis .    a - +1 war axe
rCold   . . .      Faith    .    i - +3 buckler of Nihilism {Dex+4}
rNeg    + . .      Spirit   .    b - +0 scale mail
rPois   .          Reflect  .    e - +0 hat "Ebol" {rElec rN+}
rElec   +          Harm     .    (no cloak)
rCorr   .          Rampage  .    (no gloves)
Will    .....                    (no boots)
Stlth   ..........               (no amulet)
HPRegen 0.30/turn                g - +6 ring of strength
MPRegen 0.10/turn                (no ring)

@: confused, glowing
A: no striking features
a: Renounce Religion, Convert to Beogh, Divine Shield


You were on level 5 of the Dungeon.
You worshipped the Shining One.
The Shining One was aware of your devotion.
You visited 2 branches of the dungeon, and saw 6 of its levels.

You collected 1525 gold pieces.

Inventory:

Hand Weapons
 a - a +1 war axe (weapon)
Armour
 b - a +0 scale mail (worn)
 c - a +0 buckler
 e - the +0 hat "Ebol" (worn) {rElec rN+}
   (You acquired it on level 2 of the Dungeon)

   rElec:     It insulates you from electricity.
   rN:        It protects you from negative energy.
 i - the +3 buckler of Nihilism (worn) {Dex+4}
   (You acquired it on level 2 of the Dungeon)

   Dex:       It affects your dexterity (+4).
Jewellery
 g - a +6 ring of strength (left hand)
Scrolls
 d - 3 scrolls of identify {@r1}
 n - 2 scrolls of brand weapon {unknown}
 o - a scroll of poison {unknown}
 p - a scroll of butterflies {unknown}
Potions
 f - 3 potions of brilliance
 h - 2 potions of lignification
 j - a potion of flight {unknown}
 k - 2 potions of heal wounds {unknown}
 l - a potion of curing {unknown}
 m - a potion of degeneration {unknown}


   Skills:
 + Level 5.2 Fighting
 * Level 6.5 Axes
 + Level 4.8 Armour
 + Level 4.8 Shields


You had 6 spell levels left.
You didn't know any spells.
Your spell library contained the following spells:

 Spells                   Type           Power      Damage    Failure   Level
 Kiss of Death            Conj/Necr      0%         2d5       77%         1
 Magic Dart               Conj           0%         1d3       77%         1
 Necrotise                Necr           0%         1d4       77%         1
 Call Imp                 Summ           0%         N/A       88%         2
 Mephitic Cloud           Conj/Pois/Air  0%         N/A       98%         3


Dungeon Overview and Level Annotations

Branches:
Dungeon (5/15)             Temple (1/1) D:4

Altars:
Cheibriados
Dithmenos
Elyvilon
Fedhas
Gozag
Kikubaaqudgha
Makhleb
Nemelex Xobeh
Okawaru
Qazlal
Ru
Sif Muna
Trog
Uskayaw
Vehumet
Wu Jian
Xom
Yredelemnul
Zin
The Shining One

Shops:
D:2 (

Annotations:
D:3 2 runed translucent doors, GiantSquids's ghost, amateur GrBe


Message History

The orc wizard gestures at you while chanting.
The puff of flame hits you.
You barely miss the ice beast. You hit the orc wizard.
You barely miss the orc wizard. The orc wizard casts a spell at you.
You are more confused.
The ice beast barely misses you. The orc wizard barely misses you.
The ice beast barely misses you.
The orc wizard hits you but does no damage.
The orc priest threatens, "By the altar or by the axe, you will meet Beogh!"
The orc priest hits you but does no damage.
The orc wizard hits you with a +0 dagger.
You barely miss the orc wizard.
The orc wizard is lightly wounded.
You slash the orc priest! You barely miss the ice beast.
You slash the orc wizard!
You kill the orc wizard!
The orc wizard gestures at you while chanting.
The magic dart hits you but does no damage.
The ice beast hits you. The ice beast freezes you!
The orc priest closely misses you.
You bump into the rock wall.
The orc priest hits you but does no damage.
The orc wizard hits you but does no damage.
The ice beast hits you. The ice beast freezes you.
You hit the orc priest.
The orc priest is severely wounded.
The orc priest shouts, "Surrender to Beogh and we'll let you live!"
You hit the orc wizard. You hit the ice beast.
The orc priest closely misses you.
The orc wizard gestures at you while chanting.
You resist with some effort. The ice beast hits you. The ice beast freezes you!
* * * LOW HITPOINT WARNING * * *
You bump into the rock wall.
The orc priest barely misses you.
The orc wizard hits you with a +0 dagger.
* * * LOW HITPOINT WARNING * * *
The ice beast hits you.
* * * LOW HITPOINT WARNING * * *
The ice beast freezes you!
You die...

##.. ..##.##
##... ..#....
##.... ......#
#.....##......#
##....#.......#
#...<.#.......#
##...o#Y......#
#....)@<.......
......o###......
....... .....
.#..#.. .... ##
#.$ #.. ... #
...# ..#


You could see an ice beast, an orc priest and an orc wizard.

Vanquished Creatures
  A hound (D:4)
  3 orc priests (D:3)
  Jessica (D:3)
  Terence (D:2)
  An orc wizard (D:5)
  Natasha (thrice) (D:4)
  An iguana (D:4)
  Robin (D:4)
  3 gnolls (D:4)
  5 adders
  An ufetubus (D:4)
  2 worms
  4 dart slugs
  4 orcs
  3 bats
  7 endoplasms
  4 giant cockroaches (D:1)
  10 goblins
  9 hobgoblins
  5 jackals
  6 kobolds
  2 quokkas (D:3)
  3 ball pythons
  2 frilled lizards
  4 rats
86 creatures vanquished.

Vanquished Creatures (others)
  2 plants (D:2)
2 creatures vanquished.

Grand Total: 88 creatures vanquished

Notes
Turn   | Place    | Note
-------+----------+-------------------------------------------
     0 | D:1      | leviel the Hill Orc Fighter began the quest for the Orb.
     0 | D:1      | Reached XP level 1. HP: 19/19 MP: 1/1
    37 | D:1      | Reached skill level 3 in Axes
    57 | D:1      | Reached XP level 2. HP: 27/27 MP: 2/2
   547 | D:2      | Found Burr's Antique Weapon Shoppe.
   556 | D:2      | Reached XP level 3. HP: 25/33 MP: 3/3
   786 | D:2      | Reached skill level 4 in Axes
   842 | D:2      | Reached XP level 4. HP: 40/40 MP: 4/4
   947 | D:2      | Identified 2 scrolls of acquirement
   947 | D:2      | Acquired the +0 hat "Ebol" {rElec rN+}
  1000 | D:2      | Acquired the +3 buckler of Nihilism {Dex+4}
  1109 | D:2      | Noticed Terence
  1122 | D:2      | Killed Terence
  1459 | D:3      | Reached XP level 5. HP: 41/47 MP: 5/5
  1459 | D:3      | Found a runed translucent door.
  1514 | D:3      | Noticed GiantSquids's ghost (amateur GrBe)
  1644 | D:3      | Reached skill level 5 in Axes
  1757 | D:3      | Found a runed translucent door.
  1840 | D:3      | Noticed Jessica
  1854 | D:3      | Killed Jessica
  1855 | D:3      | Reached XP level 6. HP: 53/53 MP: 6/6
  1856 | D:3      | Got Jessica's Book of the Neverending Wars
  1944 | D:4      | Acquired 538 gold pieces
  1987 | D:4      | Found a staircase to the Ecumenical Temple.
  1991 | D:4      | Acquired 789 gold pieces
  2007 | Temple   | Entered the Ecumenical Temple
  2142 | Temple   | Became a worshipper of the Shining One
  2196 | D:4      | Noticed Robin
  2212 | D:4      | Killed Robin
  2409 | D:4      | Reached skill level 6 in Axes
  2608 | D:4      | Reached skill level 5 in Fighting
  2690 | D:4      | Noticed Natasha
  2707 | D:4      | Killed Natasha
  2878 | D:4      | Noticed Natasha
  2884 | D:4      | Killed Natasha
  2913 | D:4      | Noticed Natasha
  2913 | D:4      | Reached * piety under the Shining One
  2920 | D:4      | Killed Natasha
  2921 | D:4      | Reached XP level 7. HP: 61/61 MP: 7/7
  2936 | D:5      | Entered Level 5 of the Dungeon
  2947 | D:5      | Slain by an ice beast

Illustrated notes

Levels and vault maps discovered:
D:1:      minmay_arrival_radiant_lines, layout_basic, minmay_worlds_worst_comb
D:2:      layout_rooms, serial_shops, nicolae_shop_overgrown_old_shop,
          uniq_terence
D:3:      cheibrodos_pilgrimage, layout_rooms, ebering_ghost_sewer_f,
          kennysheep_jessica_study
D:4:      layout_gridville, minmay_temple_entry_arrows, grunt_ministairs_10,
          uniq_robin, uniq_natasha
D:5:      layout_cave_pools, minmay_mini_ossuary
Temple:   nicolae_temple_bog_church

Skill      XL: |  1  2  3  4  5  6 |
---------------+-------------------+-----
Axes           | 3 4 5 6 |  6.5
Fighting       | 4 5 |  5.2
Armour         | 4 |  4.8
Shields        | 4 |  4.8

Action                   |  1- 3 |  4- 6 |  7- 9 || total
-------------------------+-------+-------+-------++-------
Melee: War axe           |    61 |   157 |     6 ||   224
  Use: Scroll            |     3 |    10 |       ||    13
       Potion            |       |     2 |       ||     2
Armor: Scale mail        |    29 |    58 |     6 ||    93
Dodge: Dodged            |    27 |    62 |     9 ||    98
Block: Buckler           |    12 |    55 |     1 ||    68

Table legend: (Time is in decaauts)
 A = Elapsed time spent in this place.
 B = Non-inter-level travel time spent in this place.
 C = Inter-level travel time spent in this place.
 D = Time resting spent in this place.
 E = Time spent auto-exploring this place.
 F = Levels seen in this place.
 G = Mean time per level.
                   A        B        C        D        E       F      G
               +--------+--------+--------+--------+--------+-----+--------+
         Total |   3031 |   2922 |    109 |    170 |   2129 |   6 |  505.2 |
       Dungeon |   2870 |   2773 |     97 |    170 |   2000 |   5 |  574.0 |
        Temple |    161 |    149 |     12 |      0 |    129 |   1 |  161.0 |
               +--------+--------+--------+--------+--------+-----+--------+

Top non-repeatable levels by time:
     D:4: 874 daAuts
     D:2: 792 daAuts
     D:3: 633 daAuts
     D:1: 558 daAuts
  Temple: 161 daAuts
     D:5: 12 daAuts
